 Dungeon Sprint DCSS version 0.17-a0-1435-geafbe2f (webtiles) character file.

1241 emikaela the Basher (level 8, -3/96 HPs)
             Began as an Ogre Hunter on June 26, 2015.
             Was a Priest of Okawaru.
             Slain by a yak (9 damage)
             ... in the Dungeon (Sprint VII: "The Pits").
             The game lasted 00:05:11 (837 turns).

emikaela the Basher (Ogre Hunter)                    Turns: 837, Time: 00:05:11

Health: -3/96      AC:  8    Str: 18    XL:     8   Next: 49%
Magic:  7/8        EV: 16    Int: 10    God:    Okawaru [***...]
Gold:   0          SH:  0    Dex: 12    Spells: 0 memorised, 7 levels left

rFire  . . .     SeeInvis .     p - +2 mace (protect)
rCold  . . .     Clarity  .     d - +0 robe
rNeg   . . .     SustAt   .     (no shield)
rPois  .         Gourm    .     (helmet restricted)
rElec  .         Spirit   .     (no cloak)
rCorr  .         Warding  .     (gloves unavailable)
rMut   .         NoTele   +     (boots unavailable)
MR     .....                    (no amulet)
Stlth  ++........               (no ring)
                                (no ring)

@: exhausted, heroism, slowed, very slow, not resistant to hostile enchantments,
unstealthy
A: unfitting armour, tough skin 1
a: Heroism, Renounce Religion


You were in the Dungeon.
You worshipped Okawaru.
Okawaru was most pleased with you.
You were hungry.

You visited 1 branch

Inventory:

Hand weapons
 p - a +2 mace of protection (weapon)
Missiles
 a - 5 large rocks (quivered)
 b - 2 throwing nets
 c - a stone
Armour
 d - a +0 robe (worn)
Scrolls
 k - a scroll of blinking
 q - 3 scrolls of remove curse
 r - 5 scrolls of amnesia
 s - a scroll of summoning
Potions
 f - a potion of curing
 g - 5 potions of heal wounds
 h - a potion of haste
 i - 4 potions of magic
 j - 2 potions of berserk rage
 o - 2 potions of invisibility
Comestibles
 e - 8 bread rations
 m - 40 fruits
 n - 7 meat rations


   Skills:
 + Level 10.9(15.9) Fighting
 - Level 14.0(19.0) Maces & Flails
 + Level 10.2(15.2) Throwing
 + Level 7.8(12.8) Dodging
 - Level 0.7(5.7) Stealth


You had 7 spell levels left.
You didn't know any spells.

Dungeon Overview and Level Annotations

Branches:
Dungeon (1/1)

Altars:
Ashenzari
Cheibriados
Dithmenos
Elyvilon
Fedhas
Gozag
Kikubaaqudgha
Makhleb
Nemelex Xobeh
Okawaru
Qazlal
Ru
Sif Muna
Trog
Vehumet
Xom
Yredelemnul
Zin
The Shining One
Beogh
Jiyva
Lugonu


Innate Abilities, Weirdness & Mutations

You are too large for most types of armour.
You have tough skin (AC +1).


Message History

You feel sick. The yak gores you.
* * * LOW HITPOINT WARNING * * *
You completely miss the yak.
The yak is lightly wounded.
You are no longer berserk.
You are exhausted.
You feel as though you will be slow longer.
You are feeling hungry.
* * * LOW HITPOINT WARNING * * *
You feel sick. The yak completely misses you.
Drink which item? (? for menu, Esc to quit)
You feel better. The yak gores you but does no damage.
You hit the yak but do no damage.
The yak is lightly wounded.
The yak gores you.
* * * LOW HITPOINT WARNING * * *
You bludgeon the yak!!
The yak is severely wounded.
The yak gores you!
You die...

#.#...)....##.......#
##++
#.#........##.......#
#'###########.......#
#.......# #########
#.......# #####
#...#...# ....#
#..###..#+#....#
#...#...#.Y....+
#.......#@#....#
#.......')#....#
################


You could see a yak.

Vanquished Creatures
  A hornet (D)
  A bog body (D)
  2 yaks (D)
  2 brain worms (D)
  A big kobold (D)
  A giant frog (D)
  A scorpion (D)
  A crimson imp (D)
  A jelly (D)
  An iron imp (D)
  A worker ant (D)
  An ooze (D)
  3 giant cockroaches (D)
  A kobold (D)
  A bat (D)
  2 giant newts (D)
21 creatures vanquished.

Notes
Turn   | Place    | Note
--------------------------------------------------------------
     0 | D        | emikaela the Ogre Hunter began the quest for the Orb.
     0 | D        | Reached XP level 1. HP: 22/22 MP: 1/1
    22 | D        | Noticed a yak
    53 | D        | Found a sacrificial altar of Ru.
    53 | D        | Found a basalt altar of Yredelemnul.
    53 | D        | Found a shadowy altar of Dithmenos.
    53 | D        | Found a deep blue altar of Sif Muna.
    53 | D        | Found a burning altar of Makhleb.
    53 | D        | Found a shimmering altar of Xom.
    53 | D        | Found an ancient bone altar of Kikubaaqudgha.
    53 | D        | Found a sparkling altar of Nemelex Xobeh.
    54 | D        | Found a glowing golden altar of the Shining One.
    54 | D        | Found a bloodstained altar of Trog.
    54 | D        | Found a shattered altar of Ashenzari.
    54 | D        | Found a white marble altar of Elyvilon.
    54 | D        | Found a snail-covered altar of Cheibriados.
    54 | D        | Found a blossoming altar of Fedhas.
    54 | D        | Found a radiant altar of Vehumet.
    54 | D        | Found a glowing silver altar of Zin.
    54 | D        | Found a corrupted altar of Lugonu.
    54 | D        | Found a viscous altar of Jiyva.
    54 | D        | Found a roughly hewn altar of Beogh.
    54 | D        | Found an iron altar of Okawaru.
    60 | D        | Found a stormy altar of Qazlal.
    60 | D        | Found an opulent altar of Gozag.
    96 | D        | Became a worshipper of Warmaster Okawaru
   138 | D        | Noticed a brain worm
   146 | D        | Killed a brain worm
   146 | D        | Acquired Okawaru's first power
   146 | D        | Reached skill level 5 in Fighting
   146 | D        | Reached skill level 6 in Maces & Flails
   146 | D        | Reached XP level 2. HP: 15/35 MP: 2/2
   146 | D        | Reached XP level 3. HP: 18/42 MP: 3/3
   146 | D        | Reached XP level 4. HP: 21/50 MP: 4/4
   324 | D        | Noticed a worker ant
   327 | D        | Killed a worker ant
   330 | D        | Reached skill level 7 in Maces & Flails
   354 | D        | Noticed a scorpion
   354 | D        | Noticed a brain worm
   357 | D        | Killed a brain worm
   357 | D        | Reached skill level 8 in Maces & Flails
   357 | D        | Reached XP level 5. HP: 54/61 MP: 5/5
   358 | D        | Killed a scorpion
   358 | D        | Reached skill level 9 in Maces & Flails
   358 | D        | Reached skill level 5 in Dodging
   495 | D        | Noticed a giant frog
   496 | D        | Noticed a crimson imp
   496 | D        | Noticed an iron imp
   496 | D        | Noticed a jelly
   512 | D        | Killed a giant frog
   512 | D        | Reached skill level 10 in Maces & Flails
   512 | D        | Reached XP level 6. HP: 59/72 MP: 6/6
   516 | D        | Killed a jelly
   532 | D        | Killed an iron imp
   538 | D        | Killed a crimson imp
   538 | D        | Reached skill level 11 in Maces & Flails
   684 | D        | Noticed a big kobold
   696 | D        | Killed a big kobold
   696 | D        | Reached XP level 7. HP: 67/81 MP: 7/7
   754 | D        | Noticed a bog body
   759 | D        | Killed a bog body
   759 | D        | Reached skill level 12 in Maces & Flails
   803 | D        | Noticed a yak
   803 | D        | Noticed a yak
   804 | D        | Noticed a yak
   804 | D        | Noticed a hornet
   808 | D        | Paralysed by a hornet for 2 turns
   814 | D        | HP: 4/83 [hornet (8)]
   823 | D        | Killed a hornet
   823 | D        | Reached skill level 10 in Fighting
   823 | D        | Reached skill level 13 in Maces & Flails
   823 | D        | Reached XP level 8. HP: 36/94 MP: 6/8
   827 | D        | Killed a yak
   827 | D        | Reached skill level 14 in Maces & Flails
   830 | D        | Killed a yak
   830 | D        | Reached skill level 10 in Throwing
   837 | D        | Slain by a yak

Vault maps used:
D:        pitsprint

Action                   |  1- 3 |  4- 6 |  7- 9 || total
-------------------------+-------+-------+-------++-------
Melee: Mace              |     7 |    59 |    27 ||    93
       Short sword       |     1 |       |       ||     1
Throw: Large rock        |       |     4 |       ||     4
Invok: Heroism           |       |       |     1 ||     1
  Use: Potion            |       |       |     7 ||     7
 Stab: Sleeping          |       |     3 |       ||     3
